 Dungeon Crawl Stone Soup version 0.21-a0-91-ga5031da (webtiles) character file.

560 MirrMurr the Chopper (level 7, -2/61 HPs)
             Began as a Hill Orc Fighter on June 30, 2017.
             Killed from afar by Dowan (6 damage)
             ... with a stone arrow
             ... on level 4 of the Dungeon.
             The game lasted 00:06:54 (3031 turns).

MirrMurr the Chopper (Hill Orc Fighter)             Turns: 3031, Time: 00:06:54

Health: -2/61      AC:  9    Str: 21    XL:     7   Next: 31%
Magic:  7/7        EV:  6    Int:  8    God:
Gold:   171        SH: 10    Dex: 10    Spells: 6/6 levels left

rFire    . . .     SeeInvis .   a - +1 war axe
rCold    . . .     Gourm    .   c - +1 shield
rNeg     . . .     Faith    .   h - +0 chain mail
rPois    .         Spirit   .   (no helmet)
rElec    .         Reflect  .   (no cloak)
rCorr    .         Harm     .   (no gloves)
MR       .....                  (no boots)
Stlth    ..........             (no amulet)
HPRegen  0.20/turn              (no ring)
MPRegen  0.10/turn              (no ring)

@: no status effects
A: no striking features
a: no special abilities


You were on level 4 of the Dungeon.
You were not hungry.

You visited 1 branch of the dungeon, and saw 4 of its levels.

You collected 171 gold pieces.

Inventory:

Hand Weapons
 a - a +1 war axe (weapon)
Missiles
 e - 93 stones (quivered)
 j - 13 poisoned needles
Armour
 c - a +1 shield (worn)
 h - a +0 chain mail (worn)
Wands
 p - a wand of disintegration (24/24)
 r - a wand of confusion (20/48)
 s - a wand of digging (16/24)
Scrolls
 m - 4 scrolls of enchant weapon
 q - a scroll of enchant armour
Potions
 w - a potion of berserk rage {unknown}
 x - a potion of lignification
Comestibles
 b - 8 chunks of flesh
 f - 2 bread rations
 i - a royal jelly
 o - 4 fruits


   Skills:
 + Level 5.3 Fighting
 * Level 7.1 Axes
 + Level 4.8 Armour
 + Level 2.2 Dodging
 - Level 3.2 Shields


You had 6 spell levels left.
You didn't know any spells.

Dungeon Overview and Level Annotations

Branches:
Dungeon (4/15)
 Temple: D:4-7

Altars:
Nemelex Xobeh
Uskayaw
Xom
Yredelemnul

Shops:
D:4 }

Annotations:
D:4 Dowan


Message History

You feel invigorated.
You feel sick. Dowan hits you but does no damage. The orc barely misses you.
Dowan hits you but does no damage. Dowan closely misses you. The orc hits you.
You feel less invigorated.
You feel less confused. You block Dowan's attack. The orc hits you.
Dowan gestures at you while chanting. The shard of ice hits you!
* * * LOW HITPOINT WARNING * * *
Dowan hits you but does no damage. The orc closely misses you.
You feel sick.
You are no longer poisoned.
You block Dowan's attack. The orc hits you but does no damage.
Dowan barely misses you. You block Dowan's attack. You block the orc's attack.
Dowan says, "Magic will overcome all!"
Dowan closely misses you. You block the orc's attack.
Dowan points at you and mumbles some strange words.
The stone arrow hits you!
You die...

.....o< #.###.#......#....
...8.o. #.#.......#....###
....... #.#.#.....#..#####
....o8. ##............<....
....... #....##.#.####.##.#
.l.....###.###.............
#.oo........#......##.#
#.e.##o###........#....
##..##@# #)...........#
#..##e# ...###.#.###
#..##.# # #.#.. #...#..
#.#.# ....#..# . #.#
.......# ...#######.# ....
...........# ..##
########.... #..# #....


You could see Dowan and an orc.

Vanquished Creatures
  Duvessa (D:4)
  A phantom (D:4)
  A scorpion (D:4)
  A howler monkey (D:3)
  A centaur zombie (D:3)
  An orc priest (D:4)
  An orc wizard (D:4)
  Ijyb (D:3)
  A worker ant (D:4)
  6 adders
  An ooze (D:3)
  2 worms
  2 dart slugs
  3 leopard geckos (D:1)
  12 orcs (D:4)
  A giant cockroach (D:4)
  3 goblins
  5 hobgoblins
  4 jackals (D:3)
  4 kobolds
  2 ball pythons (D:3)
  5 bats
  4 frilled lizards
  8 rats
71 creatures vanquished.

Notes
Turn   | Place    | Note
-------+----------+-------------------------------------------
     0 | D:1      | MirrMurr the Hill Orc Fighter began the quest for the Orb.
     0 | D:1      | Reached XP level 1. HP: 19/19 MP: 1/1
   248 | D:1      | Reached skill level 3 in Axes
   273 | D:1      | Reached XP level 2. HP: 27/27 MP: 2/2
   954 | D:2      | Reached XP level 3. HP: 27/33 MP: 3/3
  1003 | D:2      | Reached skill level 1 in Dodging
  1367 | D:2      | Found a glowing golden altar of the Shining One.
  1379 | D:2      | Found a bloodstained altar of Trog.
  1379 | D:2      | Found a shimmering altar of Xom.
  1381 | D:2      | Found a hide-covered altar of Uskayaw.
  1381 | D:2      | Found a shattered altar of Ashenzari.
  1381 | D:2      | Found a shimmering altar of Xom.
  1513 | D:2      | Reached skill level 4 in Axes
  1546 | D:2      | Found a basalt altar of Yredelemnul.
  1942 | D:3      | Reached XP level 4. HP: 39/40 MP: 4/4
  2060 | D:3      | Noticed Ijyb
  2083 | D:3      | Killed Ijyb
  2121 | D:3      | Reached XP level 5. HP: 46/46 MP: 5/5
  2150 | D:3      | Reached skill level 5 in Axes
  2242 | D:3      | Noticed a dagger
  2243 | D:3      | Found a hide-covered altar of Uskayaw.
  2245 | D:3      | Noticed a hand axe
  2533 | D:4      | Found Raekoll's Gadget Shop.
  2639 | D:4      | Reached XP level 6. HP: 47/53 MP: 6/6
  2662 | D:4      | Reached skill level 6 in Axes
  2663 | D:4      | Noticed a phantom
  2712 | D:4      | Killed a phantom
  2904 | D:4      | Found a sparkling altar of Nemelex Xobeh.
  2959 | D:4      | Reached skill level 5 in Fighting
  2984 | D:4      | Noticed Duvessa
  2987 | D:4      | Noticed Dowan
  2998 | D:4      | Reached XP level 7. HP: 48/61 MP: 7/7
  3015 | D:4      | Killed Duvessa
  3015 | D:4      | Reached skill level 7 in Axes
  3031 | D:4      | Killed from afar by Dowan

Vault maps used:
D:1:      matt_arrival_spirals
D:2:      doesnt_xom_only_xom, lemuel_coloured_pillars_altar, first_bread
D:3:      dancing_weapons_uskayaw, moated_statue, uniq_ijyb
D:4:      gup_sewer_entry_bowl, serial_shops, nicolae_shop_trees,
          grunt_ministairs_9, nemelex_lonely_heart_becter, uniq_duvessa

Skill      XL: |  1  2  3  4  5  6  7 |
---------------+----------------------+-----
Axes           | 3 4 5 6 7 |  7.1
Dodging        | 1 2 |  2.2
Fighting       | 4 5 |  5.3
Armour         | 4 |  4.8
Shields        | |  3.2

Action                   |  1- 3 |  4- 6 |  7- 9 || total
-------------------------+-------+-------+-------++-------
Melee: War axe           |   123 |   147 |    21 ||   291
  Use: Scroll            |       |    12 |       ||    12
       Potion            |       |     3 |     1 ||     4
  Eat: Chunk             |     3 |     4 |       ||     7
Armor: Scale mail        |    32 |       |       ||    32
       Chain mail        |    43 |    78 |     9 ||   130
Dodge: Dodged            |    24 |    43 |    11 ||    78
Block: Shield            |    72 |    70 |    17 ||   159
